 Dungeon Crawl Stone Soup version 0.19-a0-1861-g35def1e (webtiles) character file.

2044 vev the Covert (level 9, 0/65 HPs)
             Began as an Octopode Wanderer on Oct 12, 2016.
             Slain by a rust devil (12 damage)
             ... on level 6 of the Dungeon.
             The game lasted 00:11:21 (6040 turns).

vev the Covert (Octopode Wanderer)                  Turns: 6040, Time: 00:11:22

Health: 0/65       AC: -11   Str: 15    XL:     9   Next: 24%
Magic:  12/12      EV: 17    Int: 11    God:
Gold:   211        SH:  0    Dex: 14    Spells: 0 memorised, 12 levels left

rFire  . . .     SeeInvis .     s - +4 flail (drain)
rCold  . . .     Gourm    .     (no shield)
rNeg   . . .     Faith    .     (helmet restricted)
rPois  .         Spirit   .     (no amulet)
rElec  .         Dismiss  .     (no ring)
rCorr  .         Reflect  .     (no ring)
MR     .....     Harm     .     (no ring)
Stlth  +++++.....               (no ring)
                                (no ring)
                                (no ring)
                                (no ring)
                                (no ring)

@: corroded
A: almost no armour, stealthy swim, amphibious, 8 rings, constrict 8, camouflage
1, gelatinous body 1
a: no special abilities


You were on level 6 of the Dungeon.
You were very hungry.

You visited 2 branches of the dungeon, and saw 8 of its levels.

You collected 211 gold pieces.

Inventory:

Hand Weapons
 a - a +2 dagger
 d - a +0 hand crossbow
 s - a +4 flail of draining (weapon)
Missiles
 e - 101 bolts
Jewellery
 y - an uncursed ring of wizardry {unknown}
Wands
 g - a wand of paralysis (0/24)
 i - a wand of teleportation (2/9)
 z - a wand of random effects (19/48)
Scrolls
 b - a scroll of fear
 j - a scroll of amnesia {unknown}
 l - a scroll of magic mapping {unknown}
 o - 3 scrolls of remove curse
 q - a scroll of random uselessness {unknown}
 r - a scroll of immolation {unknown}
Potions
 n - a potion of resistance
 p - a potion of curing
 t - 3 potions of haste
 u - a potion of brilliance
 v - a potion of flight
 w - a potion of heal wounds {unknown}
Books
 c - Asto's Volume of Stones

   Spells                             Type                      Level
   a - Sandblast                      Earth                        1
   b - Stone Arrow                    Conjuration/Earth            3
 h - a book of Maledictions

   Spells                             Type                      Level
   a - Corona                         Hexes                        1
   b - Ensorcelled Hibernation        Hexes/Ice                    2
   c - Confuse                        Hexes                        3
   d - Tukima's Dance                 Hexes                        3
   e - Dazzling Spray                 Conjuration/Hexes            3
Comestibles
 f - 3 bread rations
 k - a slice of pizza
 m - a beef jerky
 x - 2 meat rations


   Skills:
 + Level 7.7 Fighting
 - Level 1.9 Short Blades
 - Level 1.0 Crossbows
 + Level 6.6 Dodging
 + Level 9.8 Stealth
 - Level 1.5 Unarmed Combat
 - Level 2.0 Spellcasting
   Level 1.0 Necromancy


You had 12 spell levels left.
You didn't know any spells.

Dungeon Overview and Level Annotations

Branches:
Dungeon (7/15)             Temple (1/1) D:5

Altars:
Ashenzari
Cheibriados
Dithmenos
Elyvilon
Fedhas
Gozag
Hepliaklqana
Kikubaaqudgha
Makhleb
Nemelex Xobeh
Okawaru
Qazlal
Ru
Sif Muna
Trog
Uskayaw
Vehumet
Xom
Yredelemnul
Zin
The Shining One

Shops:
D:4 :

Annotations:
D:7 Dowan


Innate Abilities, Weirdness & Mutations

You cannot wear most types of armour.
You are very stealthy in the water. (Stealth+)
You are amphibious.
You can wear up to eight rings at the same time.
You can use your tentacles to constrict eight enemies at once.
Your skin changes colour to match your surroundings (Stealth+).
Your rubbery body absorbs attacks. (AC +1, EV +1)


Message History

You constrict the rust devil, but do no damage.
The rust devil hits you. The rust devil corrodes you!
The orc warrior completely misses you. The rust devil barely misses you.
The orc warrior barely misses you. The rust devil completely misses you.
The rust devil closely misses you.
The orc warrior hits you from afar with a glaive!
* * * LOW HITPOINT WARNING * * *
You are too injured to fight recklessly!
Unknown command.
Unknown command.
You release your grip on the rust devil.
Unknown command.
Unknown command.
There is a stone staircase leading down here.
Unknown command.
Unknown command.
Unknown command.
Unknown command.
The orc warrior completely misses you. The rust devil hits you!
You die...

#.##...)###∩###.......# #
##.##...##♣...♣##.######
# #.......#).....)#..#
#####......###.....###.#
)#....###p.# +..8..+ #.#
...#### #..###.....###.#
##..# #p..#).o4..)#..#
....# #...##♣4o.♣##..#
##### ##....###@###...##
#.......###......#
########................#
........................#
########................#
#................#
#................#
##..............##
##.....##.....##


You could see 2 rust devils and 2 orc warriors.

Vanquished Creatures
  Pikel (D:6)
  The ghost of Rationalist the Chopper, an amateur MiGl (D:4)
  Edmund (D:4)
  Menkaure (D:5)
  A black bear (D:7)
  An orc warrior (D:6)
  A sky beast (D:6)
  A slave (D:6)
  3 ogres
  A big kobold (D:7)
  2 bullfrogs
  Blork the orc (D:5)
  A scorpion (D:7)
  A bullfrog zombie (D:7)
  A crimson imp (D:7)
  A jelly (D:7)
  Crazy Yiuf (D:5)
  An iguana (D:5)
  2 orc wizards (D:6)
  3 worker ants
  A hound zombie (D:5)
  2 adders
  A shadow imp (D:5)
  An ooze (D:1)
  An adder skeleton (D:4)
  An adder zombie (D:4)
  3 worms
  3 dart slugs
  7 leopard geckos
  5 orcs (D:6)
  A ball python (D:2)
  4 giant cockroaches
  8 hobgoblins
  12 jackals
  7 kobolds
  2 quokkas
  A ball python skeleton (D:4)
  5 bats
  6 frilled lizards
  4 goblins (D:1)
  A jackal zombie (D:6)
  7 rats
109 creatures vanquished.

Vanquished Creatures (others)
  A slave (D:6)
  2 orc wizards (D:6)
  An orc (D:6)
4 creatures vanquished.

Grand Total: 113 creatures vanquished

Notes
Turn   | Place    | Note
-------+----------+-------------------------------------------
     0 | D:1      | vev the Octopode Wanderer began the quest for the Orb.
     0 | D:1      | vev set off with: a +2 dagger, a scroll of fear, Asto's Volume of Stones, a +0 hand crossbow, 22 bolts, a bread ration
     0 | D:1      | Reached XP level 1. HP: 17/17 MP: 3/3
   266 | D:1      | Reached XP level 2. HP: 18/22 MP: 5/5
   745 | D:1      | Reached skill level 1 in Dodging
   905 | D:1      | Reached XP level 3. HP: 24/27 MP: 6/6
  1443 | D:2      | Reached skill level 3 in Stealth
  1664 | D:3      | Reached XP level 4. HP: 34/34 MP: 7/7
  1751 | D:3      | Noticed an ice beast
  1764 | D:3      | Reached skill level 5 in Fighting
  2183 | D:4      | Noticed Rationalist's ghost (amateur MiGl)
  2206 | D:4      | Killed Rationalist's ghost
  2206 | D:4      | Reached skill level 1 in Short Blades
  2206 | D:4      | Reached skill level 2 in Dodging
  2206 | D:4      | Reached skill level 4 in Stealth
  2206 | D:4      | Reached XP level 5. HP: 33/39 MP: 8/8
  2211 | D:4      | Found Ryitrubb's Book Emporium.
  2222 | D:4      | Reached XP level 6. HP: 20/45 MP: 9/9
  2505 | D:4      | Reached skill level 3 in Dodging
  2505 | D:4      | Reached skill level 1 in Unarmed Combat
  3238 | D:4      | Noticed Edmund
  3251 | D:4      | Killed Edmund
  3251 | D:4      | Reached skill level 5 in Stealth
  3251 | D:4      | Reached XP level 7. HP: 7/50 MP: 10/10
  3644 | D:5      | Entered Level 5 of the Dungeon
  3667 | D:5      | Noticed Blork the orc
  3672 | D:5      | Killed Blork the orc
  3672 | D:5      | Reached skill level 4 in Dodging
  3788 | D:5      | Found a staircase to the Ecumenical Temple.
  3791 | D:5      | Noticed Menkaure
  3800 | D:5      | Killed Menkaure
  3800 | D:5      | Reached skill level 6 in Stealth
  3827 | Temple   | Entered the Ecumenical Temple
  4140 | D:5      | Reached skill level 6 in Fighting
  4397 | D:5      | Found a runed door.
  4401 | D:5      | Noticed Crazy Yiuf
  4405 | D:5      | Killed Crazy Yiuf
  4670 | D:6      | Noticed Pikel
  4693 | D:6      | Killed Pikel
  4693 | D:6      | Reached skill level 5 in Dodging
  4693 | D:6      | Reached skill level 8 in Stealth
  4693 | D:6      | Reached XP level 8. HP: 19/58 MP: 11/11
  4984 | D:6      | Reached skill level 7 in Fighting
  5193 | D:6      | Reached skill level 6 in Dodging
  5193 | D:6      | Reached skill level 9 in Stealth
  5399 | D:6      | Found a sparkling altar of Nemelex Xobeh.
  5695 | D:7      | Reached XP level 9. HP: 59/64 MP: 12/12
  5734 | D:7      | Noticed Dowan
  6030 | D:6      | Noticed a rust devil
  6030 | D:6      | Noticed a rust devil
  6040 | D:6      | Slain by a rust devil

Vault maps used:
D:1:      elethiomel_arrival_maze, minivault_19
D:3:      minmay_misc_feat_hallway
D:4:      serial_bayou, serial_bayou_ford_a, serial_bayou_crossing,
          serial_bayou_lake_a, serial_bayou_pond_c, first_bread, serial_shops,
          shop, uniq_edmund
D:5:      minmay_misc_feat_encased, uniq_menkaure, uniq_crazy_yiuf_cottage,
          uniq_blork_the_orc
D:6:      cheibrodos_iron_armory, basic_altar, kennysheep_potato, uniq_pikel
D:7:      corexii_shack_village, serial_shops, shop, uniq_duvessa
Temple:   kilobyte_greek_temple

Skill      XL: |  1  2  3  4  5  6  7  8 |
---------------+-------------------------+-----
Dodging        | 1 2 3 5 6 |  6.6
Stealth        | 3 4 5 8 9 |  9.8
Fighting       | 5 6 7 |  7.7
Short Blades   | 1 |  1.9
Unarmed Combat | 1 |  1.5
Crossbows      | |  1.0
Spellcasting   | |  2.0
Necromancy     | |  1.0

Action                   |  1- 3 |  4- 6 |  7- 9 || total
-------------------------+-------+-------+-------++-------
Melee: Dagger            |    79 |    59 |       ||   138
       Tentacles         |    12 |    18 |    15 ||    45
       Constrict         |    17 |    10 |    22 ||    49
       Flail             |       |       |   117 ||   117
       Punch             |       |       |     1 ||     1
Evoke: Wand              |       |     1 |       ||     1
  Use: Potion            |       |     2 |     1 ||     3
       Scroll            |       |       |     7 ||     7
 Stab: Sleeping          |     7 |     1 |    12 ||    20
       Distracted        |       |     1 |     2 ||     3
       Paralysed         |       |     1 |       ||     1
  Eat: Chunk             |     2 |     5 |     8 ||    15
Armor: Skin              |     8 |     3 |     8 ||    19
Dodge: Dodged            |    39 |    33 |    87 ||   159
